 Dungeon Crawl Stone Soup version 0.26-a0-1020-ge47f559bc5 (webtiles) character file.

Game seed: 11142797169476245482

933 DerHolg the Vandal (level 8, -8/54 HPs)
             Began as a Halfling Hunter on Dec 8, 2020.
             Was a Believer of Nemelex Xobeh.
             Killed from afar by a gargoyle (17 damage)
             ... with a stone arrow
             ... on level 5 of the Dungeon.
             The game lasted 00:38:13 (5712 turns).

DerHolg the Vandal (Halfling Hunter)                Turns: 5712, Time: 00:38:14

Health: -8/54      AC: 10    Str: 15    XL:     8   Next: 33%
Magic:  10/10      EV: 15    Int:  9    God:    Nemelex Xobeh [**....]
Gold:   189        SH:  0    Dex: 15    Spells: 7/7 levels left

rFire    . . .     SeeInvis .   b - +4 short sword
rCold    . . .     Faith    .   (shield restricted)
rNeg     . . .     Spirit   .   k - +4 ring mail of the Equinox {rCorr}
rPois    .         Reflect  .   m - +0 helmet
rElec    .         Harm     .   (no cloak)
rCorr    +         Rampage  .   (no gloves)
Will     .....                  (no boots)
Stlth    ++........             (no amulet)
HPRegen  0.18/turn              (no ring)
MPRegen  0.12/turn              (no ring)

@: no status effects
A: small, mutation resistance 1
a: Draw Escape, Draw Destruction, Draw Summoning, Renounce Religion


You were on level 5 of the Dungeon.
You worshipped Nemelex Xobeh.
Nemelex Xobeh was pleased with you.
You visited 1 branch of the dungeon, and saw 6 of its levels.

You collected 189 gold pieces.

Inventory:

Hand Weapons
 a - a +1 hunting sling
 b - a +4 short sword (weapon)
Missiles
 d - 51 sling bullets
 e - 108 stones (quivered)
Armour
 i - the +2 pair of gloves of Existentialism {*Drain +Blink rPois Int+3}
   (You found it on level 6 of the Dungeon)

   It affects your intelligence (+3).
   It protects you from poison.
   It lets you blink.
   It causes draining when unequipped.
 k - the +4 ring mail of the Equinox (worn) {rCorr}
   (You found it on level 6 of the Dungeon)

   It provides partial protection from all sources of acid and corrosion.
 m - a +0 helmet (worn)
Wands
 u - a wand of flame (20)
 v - a wand of iceblast (5)
Scrolls
 c - 3 scrolls of remove curse
 g - 2 scrolls of teleportation
 h - a scroll of magic mapping {unknown}
 j - 2 scrolls of identify
 l - a scroll of fear {unknown}
 n - a scroll of fog {unknown}
 o - a scroll of amnesia {unknown}
 s - a scroll of random uselessness {unknown}
 x - a scroll of enchant weapon {unknown}
Potions
 f - a potion of mutation {unknown}
 p - 2 potions of heal wounds
 q - 2 potions of degeneration {unknown}
 r - a potion of curing {unknown}
 t - a potion of brilliance {unknown}
 w - 2 potions of lignification {unknown}


   Skills:
 + Level 3.9 Fighting
 + Level 3.6 Short Blades
 + Level 7.6 Slings
 + Level 3.4 Armour
 + Level 4.2 Dodging
 + Level 4.0 Stealth
 + Level 2.8 Invocations


You had 7 spell levels left.
You didn't know any spells.
Your spell library was empty.

Dungeon Overview and Level Annotations

Branches:
Dungeon (6/15)
 Temple: D:4-7

Altars:
Dithmenos
Fedhas
Nemelex Xobeh
Vehumet

Shops:
D:5 (


Innate Abilities, Weirdness & Mutations

You are small and have problems with some larger weapons.
You are somewhat resistant to further mutation.


Message History

There is a stone staircase leading down, spattered with blood here.
The gargoyle barely misses you.
The gargoyle hurls a stone arrow at you.
The stone arrow misses you.
The gargoyle hurls a stone arrow at you.
The stone arrow misses you.
Evoke which item? (* to show all) (? for menu, Esc to quit)
Aiming: Throw Flame
Press: ? - help, Shift-Dir - straight line, f - gargoyle
Aim: a gargoyle, wielding a +0 flail (lightly damaged, 15% to evade)
The puff of flame hits the gargoyle but does no damage.
The gargoyle is lightly damaged.
The gargoyle hurls a stone arrow at you.
The stone arrow misses you.
The gargoyle hurls a stone arrow at you.
The stone arrow misses you.
The gargoyle hurls a stone arrow at you.
The stone arrow hits you!
You die...
Your body disappears without a glow.

.####.# #..###.####.### #..... ##
#.# #.###..)....# #..... #
#.####.##...###### ####.### #
#.##........# ##....... #
#.#..#......#########.....###
#...##......#...........### #
##.###.......#.##9...##### #
##...##.......#.....### #
#..#..........@.....## #
###.##......####..###..##########
....#....#### #..'∩'............
.#.........# ###..###..##########
.#.###.#.#^###........## #.
##.##....#.[.#........# ##.
#..#............###############..
...........#/########............
........####.####.....####......#


You could see a gargoyle.

Vanquished Creatures
  A phantom (D:6)
  A sky beast (D:6)
  A centaur (D:6)
  A bullfrog (D:6)
  A bullfrog zombie (D:3)
  2 hounds
  2 orc priests
  A bullfrog skeleton (D:6)
  5 orc wizards
  An iguana (D:5)
  A hound skeleton (D:4)
  Robin (D:1)
  A howler monkey zombie (D:5)
  4 gnolls
  5 adders
  2 white imps
  An ooze (D:2)
  2 worms (D:2)
  2 dart slugs
  4 leopard geckos
  23 orcs
  6 bats
  5 giant cockroaches
  18 goblins
  11 hobgoblins
  3 jackals (D:4)
  A quokka (D:3)
  3 frilled lizards
  6 kobolds
  A quokka zombie (D:6)
  6 rats
122 creatures vanquished.

Notes
Turn   | Place    | Note
-------+----------+-------------------------------------------
     0 | D:1      | DerHolg the Halfling Hunter began the quest for the Orb.
     0 | D:1      | Reached XP level 1. HP: 14/14 MP: 1/1
   228 | D:1      | Reached XP level 2. HP: 19/19 MP: 2/2
   462 | D:1      | Reached skill level 6 in Slings
   655 | D:2      | Reached XP level 3. HP: 24/24 MP: 3/3
   841 | D:2      | Reached skill level 1 in Armour
   844 | D:2      | Noticed Robin
   845 | D:2      | Reached skill level 1 in Short Blades
   980 | D:2      | Reached XP level 4. HP: 24/30 MP: 4/4
   987 | D:1      | Killed Robin
  1532 | D:2      | Found a sparkling altar of Nemelex Xobeh.
  1542 | D:2      | Became a worshipper of Nemelex Xobeh the Trickster
  1558 | D:2      | Reached XP level 5. HP: 36/36 MP: 5/5
  1767 | D:3      | Found a shadowy altar of Dithmenos.
  1851 | D:3      | Reached skill level 1 in Invocations
  1876 | D:3      | Reached XP level 6. HP: 12/42 MP: 6/6
  2183 | D:3      | Found a radiant altar of Vehumet.
  3485 | D:4      | Reached * piety under Nemelex Xobeh
  3496 | D:4      | Reached XP level 7. HP: 46/46 MP: 8/8
  3520 | D:4      | Received a gift from Nemelex Xobeh
  3784 | D:4      | Found a blossoming altar of Fedhas.
  3886 | D:4      | Reached skill level 7 in Slings
  4280 | D:5      | Entered Level 5 of the Dungeon
  4582 | D:5      | Found Heliu's Weapon Emporium.
  4984 | D:6      | Got a distressingly furry ring mail
  4985 | D:6      | Identified the +4 ring mail of the Equinox {rCorr} (You
                  | found it on level 6 of the Dungeon)
  5100 | D:6      | Reached XP level 8. HP: 44/54 MP: 9/9
  5225 | D:6      | Noticed a gargoyle
  5242 | D:6      | Got a pair of heavily runed gloves
  5294 | D:5      | Identified the +2 pair of gloves of Existentialism {*Drain
                  | +Blink rPois Int+3} (You found it on level 6 of the
                  | Dungeon)
  5370 | D:6      | Reached ** piety under Nemelex Xobeh
  5673 | D:6      | HP: 2/54 [gargoyle/+0 flail (2)]
  5712 | D:5      | Killed from afar by a gargoyle

Illustrated notes

Levels and vault maps discovered:
D:1:      minmay_arrival_shattered_statue, layout_loops_ring
D:2:      layout_rooms, nemelex_dance_club_becter, uniq_robin
D:3:      layout_basic, fiery_altar_vehumet, grunt_dithmenos_smoke
D:4:      layout_loops_ring, general_overflow_altar
D:5:      layout_rooms, serial_shops, kennysheep_mini_moat
D:6:      layout_loops_corners, nicolae_tso_carved_into_rock, minmay_manual_moon

Skill      XL: |  1  2  3  4  5  6  7  8 |
---------------+-------------------------+-----
Fighting       | 2 3 |  3.9
Slings         | 6 7 |  7.6
Armour         | 1 2 3 |  3.4
Short Blades   | 1 2 3 |  3.6
Stealth        | 2 3 4 |  4.0
Invocations    | 1 2 |  2.8
Dodging        | 3 4 |  4.2

Action                   |  1- 3 |  4- 6 |  7- 9 || total
-------------------------+-------+-------+-------++-------
Melee: Short sword       |    14 |       |    76 ||    90
       Dagger            |       |    84 |    14 ||    98
 Fire: Hunting sling     |    77 |   141 |    84 ||   302
Invok: Draw Destruction  |       |       |     5 ||     5
       Draw Escape       |       |       |     1 ||     1
Evoke: Wand              |       |       |     2 ||     2
  Use: Potion            |       |     1 |       ||     1
       Scroll            |       |       |     6 ||     6
 Stab: Sleeping          |       |     2 |       ||     2
Armor: Ring mail         |    12 |     2 |    26 ||    40
       Leather armour    |       |    29 |     8 ||    37
Dodge: Dodged            |    29 |    95 |    79 ||   203

Table legend: (Time is in decaauts)
 A = Elapsed time spent in this place.
 B = Non-inter-level travel time spent in this place.
 C = Inter-level travel time spent in this place.
 D = Time resting spent in this place.
 E = Time spent auto-exploring this place.
 F = Levels seen in this place.
 G = Mean time per level.
                   A        B        C        D        E       F      G
               +--------+--------+--------+--------+--------+-----+--------+
         Total |   5659 |   5503 |    156 |   1216 |   3140 |   6 |  943.2 |
       Dungeon |   5659 |   5503 |    156 |   1216 |   3140 |   6 |  943.2 |
               +--------+--------+--------+--------+--------+-----+--------+

Top non-repeatable levels by time:
     D:3: 1458 daAuts
     D:4: 1072 daAuts
     D:1: 988 daAuts
     D:2: 724 daAuts
     D:6: 708 daAuts
     D:5: 705 daAuts
